 Dungeon Crawl Stone Soup version 0.17.0-1-g61d176b (webtiles) character file.

60 dysrexia the Caller (level 3, 0/14 HPs)
             Began as a Felid Summoner on Nov 7, 2015.
             Slain by an adder (2 damage)
             ... on level 2 of the Dungeon.
             The game lasted 00:11:53 (2636 turns).

dysrexia the Caller (Felid Summoner)                Turns: 2636, Time: 00:11:53

Health: 0/14       AC:  1    Str:  6    XL:     3   Next: 82%
Magic:  7/8        EV: 18    Int: 17    God:
Gold:   48         SH:  0    Dex: 16    Spells: 3 memorised, 1 level left
                                        Lives:  0   Deaths: 0

rFire  . . .     SeeInvis +     (weapon unavailable)
rCold  . . .     Clarity  .     (armour unavailable)
rNeg   + . .     SustAt   .     (shield unavailable)
rPois  .         Gourm    .     (helmet unavailable)
rElec  .         Spirit   .     (cloak unavailable)
rCorr  .         Warding  .     (gloves unavailable)
rMut   .         Stasis   .     (boots unavailable)
MR     .....                    (no amulet)
Stlth  +++.......               k - +2 ring of strength
                                i - ring of positive energy

@: lethally poisoned (0 -> -5), quick, not resistant to hostile enchantments,
fairly stealthy
A: no armour, no weapons or thrown items, claws 1, fangs 3, see invisible,
carnivore 3, speed 1, shaggy fur 1, slow metabolism 1, sharp paws
a: no special abilities


You were on level 2 of the Dungeon.
You were completely stuffed.

You visited 1 branch of the dungeon, and saw 2 of its levels.

You collected 48 gold pieces.

Inventory:

Jewellery
 g - an uncursed ring of wizardry {unknown}
 i - a ring of positive energy (left paw)
 k - a +2 ring of strength (right paw)
Scrolls
 c - a scroll of fog
 d - 2 scrolls of amnesia {unknown}
 f - a scroll of teleportation
 l - a scroll of remove curse {unknown}
Potions
 e - a potion of brilliance {unknown}
 h - 2 potions of lignification {unknown}
 j - 3 potions of curing
Books
 a - a book of Callings

   Spells                             Type                      Level
   a - Summon Small Mammal            Summoning                    1
   b - Call Imp                       Summoning                    2
   c - Call Canine Familiar           Summoning                    3
   d - Summon Guardian Golem          Hexes/Summoning              3
   e - Summon Lightning Spire         Summoning/Air                4
   f - Summon Ice Beast               Ice/Summoning                4
Comestibles
 b - a meat ration


   Skills:
 - Level 2.6 Dodging
 + Level 3.7 Stealth
 * Level 2.6 Spellcasting
 * Level 4.7 Summonings


You had one spell level left.
You knew the following spells:

 Your Spells              Type           Power        Failure   Level  Hunger
a - Summon Small Mammal   Summ           ###.         2%          1    #......
b - Call Imp              Summ           ###.....     4%          2    ##.....
c - Call Canine Familiar  Summ           ###.....     10%         3    ###....


Dungeon Overview and Level Annotations

Branches:
Dungeon (2/15)

Altars:


Innate Abilities, Weirdness & Mutations

You cannot wear armour.
You are incapable of wielding weapons or throwing items.
You have sharp claws.
You have razor-sharp teeth.
You have supernaturally acute eyesight.
You are carnivorous and can eat meat at any time.
You cover ground quickly.
You are covered in fur (AC +1).
You have a slow metabolism.
Your sharp claws are effective at attacking unaware monsters.


Message History

You closely miss the adder. Your bite misses the adder.
The adder is almost dead.
The adder bites you.
You are lethally poisoned!
The adder poisons you!
You barely miss the adder. Your bite misses the adder.
The adder is almost dead.
You feel sick. The adder misses you. The adder bites you but does no damage.
You closely miss the adder.
The adder is almost dead.
The adder barely misses you.
You scratch the adder but do no damage.
The adder is almost dead.
The adder bites you.
* * * LOW HITPOINT WARNING * * *
You scratch the adder but do no damage. Your bite misses the adder.
The adder is almost dead.
* * * LOW HITPOINT WARNING * * *
You feel sick. The adder closely misses you. The adder bites you.
You die...

.# #.....# #.......#
.# #.....# ####.####
.# #.....# ###.####
.# #.....# #......#
.# #.....# #.#.##.#
######.#### #...##.#
.##.......# #.####.#
#.#.##.##.# #.####.#
.....#.##.# #.S@b..#
≈###..)...####.######
≈#.#[..##......#
≈#.###.##.######
≈#........#
≈#.###.#### ≈#.#....#
... ≈###....# ....
........# .....


You could see an adder and a friendly bat.

Vanquished Creatures
  A gnoll (D:1)
  An adder (D:2)
  A giant gecko (D:1)
  A ball python (D:1)
  4 goblins
  4 hobgoblins
  A jackal (D:2)
  2 bats (D:1)
  A giant cockroach (D:2)
  A giant newt (D:1)
  A kobold (D:1)
  8 rats
26 creatures vanquished.

Vanquished Creatures (collateral kills)
  An adder (D:2)
  2 worms (D:2)
  2 giant geckos (D:2)
  2 hobgoblins (D:2)
  A jackal (D:2)
  A ball python (D:1)
  3 goblins
  3 kobolds
15 creatures vanquished.

Grand Total: 41 creatures vanquished

Notes
Turn   | Place    | Note
--------------------------------------------------------------
     0 | D:1      | dysrexia the Felid Summoner began the quest for the Orb.
     0 | D:1      | Reached XP level 1. HP: 7/7 MP: 4/4
   626 | D:1      | Reached XP level 2. HP: 6/11 MP: 4/6
   775 | D:1      | Learned a level 2 spell: Call Imp
  1448 | D:1      | Reached XP level 3. HP: 3/14 MP: 3/7
  2203 | D:2      | Learned a level 3 spell: Call Canine Familiar
  2636 | D:2      | Slain by an adder

Action                   || total
-------------------------++-------
Melee: Unarmed           ||   107
 Cast: Summon Small Mamm ||    15
       Call Imp          ||    10
       Call Canine Famil ||     2
  Use: Scroll            ||     7
       Potion            ||     1
 Stab: Sleeping          ||     9
       Distracted        ||     1
  Eat: Chunk             ||    12
